[Event "December 19 Late 2023"]
[Site "https://www.chess.com"]
[Date "2023.12.19"]
[Round "5"]
[White "Rama, Tejas"]
[Black "Vlassov, Nikolai"]
[Result "0-1"]
[Board "73"]
[TimeControl "180+1"]
[WhiteFideId "30907381"]
[BlackFideId "4103360"]
[WhiteElo "2089"]
[BlackElo "2351"]
[WhiteTeam "USA"]
[BlackTeam "FID"]
[WhiteClock "0:00:01"]
[BlackClock "0:00:17"]

1. d4 Nf6 2. c4 Nc6 3. Nf3 e6 4. g3 Bb4+ 5. Bd2 a5 6. Bg2 d6 7. O-O e5 8. Bg5 exd4 9. Nxd4 Ne5 10. Qc2 h6 11. Bc1 O-O 12. Nc3 Nxc4 13. Ncb5 d5 14. b3 c6 15. bxc4 cxb5 16. cxb5 Bg4 17. Bb2 Rc8 18. Qd3 Re8 19. Rfc1 Qe7 20. e3 Bh5 21. Nf5 Qe6 22. Rxc8 Rxc8 23. Bh3 Kh8 24. Nxg7 Qxh3 25. Bxf6 Bf3 26. Nf5+ Kg8 27. Nh4 Be4 28. Qd1 Rc2 29. Rc1 Rxf2 30. Rc8+ Qxc8 31. Kxf2 Qh3 32. Kg1 Bc5 33. Bd4 Be7 34. Qh5 Bxh4 35. Qe2 Bg5 36. Ba1 Kh7 0-1

[Event "December 19 Late 2023"]
[Site "https://www.chess.com"]
[Date "2023.12.19"]
[Round "5"]
[White "Perske, Thore"]
[Black "Yashmetov, Mikhail"]
[Result "1-0"]
[Board "74"]
[TimeControl "180+1"]
[WhiteFideId "12902195"]
[BlackFideId "24198900"]
[WhiteElo "2336"]
[BlackElo "2220"]
[WhiteTeam "GER"]
[BlackTeam "RUS"]
[WhiteClock "0:00:37"]
[BlackClock "0:00:00"]

1. d4 Nf6 2. g3 d5 3. Bg2 g6 4. Nf3 Bg7 5. O-O O-O 6. c4 c6 7. cxd5 cxd5 8. Ne5 Nc6 9. Nxc6 bxc6 10. Nc3 Qa5 11. Na4 Nd7 12. Bd2 Qb5 13. Bc3 Ba6 14. Re1 Rad8 15. Rc1 e6 16. e3 Qd3 17. Bb4 Rfe8 18. Bf1 Qxd1 19. Rexd1 Bb5 20. Nc5 Nxc5 21. Bxc5 Rb8 22. b3 a5 23. Rc2 a4 24. b4 e5 25. a3 exd4 26. Bxd4 Bf8 27. Bc5 Bg7 28. Bd4 Bf8 29. Ba7 Rb7 30. Bc5 Bg7 31. h4 h6 32. Bd4 Bf8 33. Bxb5 cxb5 34. Rc6 Rd8 35. Rdc1 Be7 36. Kf1 h5 37. Ke2 Bf8 38. Kd3 Be7 39. Rc7 Rdb8 40. Rxb7 Rxb7 41. Rc8+ Bf8 42. Bc5 1-0

[Event "December 19 Late 2023"]
[Site "https://www.chess.com"]
[Date "2023.12.19"]
[Round "5"]
[White "Azali, Tannaz"]
[Black "Ibadov, Dashgyn"]
[Result "1-0"]
[Board "75"]
[TimeControl "180+1"]
[WhiteFideId "12537721"]
[BlackFideId "24107514"]
[WhiteElo "1828"]
[BlackElo "2183"]
[WhiteTeam "IRI"]
[BlackTeam "FID"]
[WhiteClock "0:00:14"]
[BlackClock "0:00:00"]

1. e4 e5 2. Nf3 Nc6 3. Bc4 Nf6 4. d3 Bc5 5. c3 d6 6. Nbd2 a6 7. Bb3 Ba7 8. h3 h6 9. Nf1 g5 10. Be3 Qe7 11. Bxa7 Nxa7 12. Ne3 Nc6 13. Qe2 Be6 14. O-O-O O-O-O 15. Nd5 Bxd5 16. exd5 Na5 17. c4 Nxb3+ 18. axb3 Rhe8 19. Rhe1 Nd7 20. g4 Nf8 21. d4 f6 22. Qe4 Qd7 23. dxe5 fxe5 24. h4 gxh4 25. Nxh4 Kb8 26. Rh1 a5 27. Qf5 Qe7 28. Nf3 Nd7 29. Rxh6 Nc5 30. Kc2 Rf8 31. Qg5 Qf7 32. Rh3 e4 33. Nd4 Qxf2+ 34. Rd2 Qf1 35. Re3 Qa1 36. Ne6 Nxe6 37. dxe6 Rde8 38. Rxe4 a4 39. bxa4 Qxa4+ 40. b3 Qa2+ 41. Kc3 Rf3+ 42. Re3 Qa1+ 43. Kd3 Qb1+ 44. Kc3 Qc1+ 45. Kd3 Qf1+ 46. Kc3 Rxe6 47. Qg8+ Ka7 48. Qxe6 1-0

[Event "December 19 Late 2023"]
[Site "https://www.chess.com"]
[Date "2023.12.19"]
[Round "5"]
[White "Golubev, Mikhail"]
[Black "Seletsky, Grigory"]
[Result "1-0"]
[Board "76"]
[TimeControl "180+1"]
[WhiteFideId "14100983"]
[BlackFideId "14112191"]
[WhiteElo "2352"]
[BlackElo "2482"]
[WhiteTeam "UKR"]
[BlackTeam "UKR"]
[WhiteClock "0:00:13"]
[BlackClock "0:00:17"]

1. e4 c6 2. Nf3 d5 3. Nc3 Bg4 4. h3 Bxf3 5. Qxf3 e6 6. g3 Nf6 7. Bg2 Be7 8. O-O O-O 9. d4 Nbd7 10. e5 Ne8 11. Ne2 c5 12. c4 cxd4 13. cxd5 Nxe5 14. Qe4 Bf6 15. dxe6 Nd6 16. Qd5 d3 17. Nf4 Ndc4 18. exf7+ Rxf7 19. Nxd3 Qxd5 20. Bxd5 Nxd3 21. Bxc4 Nxb2 22. Bxf7+ Kxf7 23. Bxb2 Bxb2 24. Rab1 Bd4 25. Rxb7+ Kg6 26. Rd1 Bf6 27. Rd5 a5 28. a4 Bc3 29. Rc5 Bf6 30. Rc6 h5 31. Rb5 h4 32. g4 Kf7 33. g5 Bd4 34. g6+ Kf8 35. Rd5 Bf6 36. Rd7 Ke8 37. Rf7 Rd8 38. Re6+ 1-0

[Event "December 19 Late 2023"]
[Site "https://www.chess.com"]
[Date "2023.12.19"]
[Round "5"]
[White "Omelja, Artem"]
[Black "Dubessay, Bastien"]
[Result "1-0"]
[Board "77"]
[TimeControl "180+1"]
[WhiteFideId "14119846"]
[BlackFideId "650048"]
[WhiteElo "2404"]
[BlackElo "2279"]
[WhiteTeam "UKR"]
[BlackTeam "FRA"]
[WhiteClock "0:01:42"]
[BlackClock "0:00:10"]

1. d4 d5 2. Nf3 Nf6 3. Bg5 c5 4. e3 Qb6 5. Nc3 Qxb2 6. Nb5 Na6 7. dxc5 Qb4+ 8. c3 Qxc5 9. Bxf6 exf6 10. Be2 Be7 11. O-O O-O 12. Rc1 Be6 13. Qa4 Rac8 14. Nfd4 Bd7 15. c4 dxc4 16. Rxc4 Qg5 17. f4 Rxc4 18. Bxc4 Qc5 19. Qb3 Bxb5 20. Nxb5 Nc7 21. Rc1 Nxb5 22. Bxf7+ Rxf7 23. Rxc5 Bxc5 24. Qxb5 Bxe3+ 25. Kf1 Bxf4 26. g3 Be5 27. Qe8+ Rf8 28. Qe6+ Rf7 29. Qc8+ Rf8 30. Qxb7 Bd4 31. Qd5+ Rf7 32. Qxd4 g6 33. a4 Kg7 34. a5 Kg8 35. a6 Kg7 36. Qd5 Kg8 37. Ke2 Kg7 38. Qb7 Kg8 39. Kd3 Kg7 40. Kd4 Kg8 41. Kd5 Kf8 42. Ke6 1-0

[Event "December 19 Late 2023"]
[Site "https://www.chess.com"]
[Date "2023.12.19"]
[Round "5"]
[White "Bellissimo, Joseph F."]
[Black "Ezat, Mohamed"]
[Result "0-1"]
[Board "78"]
[TimeControl "180+1"]
[WhiteFideId "2609843"]
[BlackFideId "10600906"]
[WhiteElo "2103"]
[BlackElo "2367"]
[WhiteTeam "CAN"]
[BlackTeam "EGY"]
[WhiteClock "0:00:04"]
[BlackClock "0:00:09"]

1. e4 e5 2. Nf3 Nc6 3. Bc4 Nf6 4. d4 exd4 5. e5 d5 6. Bb5 Ne4 7. Nxd4 Bc5 8. Be3 O-O 9. Bxc6 bxc6 10. O-O Bd7 11. f3 Ng5 12. f4 Ne4 13. Nd2 Nxd2 14. Qxd2 Bb6 15. Nb3 f6 16. Bc5 Re8 17. Rae1 Bf5 18. a4 Rb8 19. Qc3 Qd7 20. a5 Bxc5+ 21. Nxc5 Qf7 22. b4 Qg6 23. Rf2 h5 24. Re3 h4 25. e6 Re7 26. Nd7 Rbe8 27. g4 Bxg4 28. f5 Bxf5+ 29. Rg2 Qh6 30. Nxf6+ Kh8 31. Nxe8 Rxe8 32. e7 Be4 33. Rg4 Rxe7 34. Qe1 g5 35. Qc3+ Kh7 36. Qd4 Rf7 37. h3 Qg6 38. c4 Qf5 39. Re1 Qf3 40. Rgxe4 dxe4 41. Qxe4+ Qxe4 42. Rxe4 Rf3 43. Re7+ Kg6 44. Rxc7 Rxh3 45. Rxc6+ Kh5 46. b5 Rb3 47. b6 axb6 48. axb6 h3 49. c5 Kh4 50. Rd6 Kg3 51. Rd1 g4 52. Rc1 h2+ 53. Kh1 Kh3 54. b7 g3 55. Rg1 g2+ 56. Rxg2 Rb1+ 57. Rg1 Rxg1# 0-1

[Event "December 19 Late 2023"]
[Site "https://www.chess.com"]
[Date "2023.12.19"]
[Round "5"]
[White "Lizak, Peter"]
[Black "Kovacsy, Barnabas"]
[Result "1/2-1/2"]
[Board "79"]
[TimeControl "180+1"]
[WhiteFideId "731595"]
[BlackFideId "769290"]
[WhiteElo "2420"]
[BlackElo "2130"]
[WhiteTeam "HUN"]
[BlackTeam "HUN"]
[WhiteClock "0:00:11"]
[BlackClock "0:00:40"]

1. d4 Nf6 2. Nc3 d5 3. Bf4 g6 4. e3 Bg7 5. h4 O-O 6. h5 Ne4 7. Nxe4 dxe4 8. hxg6 hxg6 9. Qd2 c5 10. O-O-O Nc6 11. Ne2 Bg4 12. dxc5 Qxd2+ 13. Rxd2 Rfd8 14. Rxd8+ Rxd8 15. Bh6 Bf6 16. a3 a5 17. Bf4 Rd5 18. c3 Rxc5 19. Nd4 Nxd4 20. exd4 Bxd4 21. Be3 Bxe3+ 22. fxe3 e5 23. Rh4 f5 24. Rh1 Kg7 25. Kc2 Rd5 26. Bc4 Rd6 27. b4 axb4 28. axb4 f4 29. Re1 f3 30. Rg1 Kf6 31. gxf3 Bxf3 32. Bb5 g5 33. Be8 g4 34. c4 Kg5 35. c5 Rd8 36. Bb5 Kh4 37. Bc4 g3 38. Be6 g2 39. b5 Kg3 40. c6 bxc6 41. bxc6 Rd6 42. Bd7 Rxc6+ 43. Bxc6 Kf2 44. Rxg2+ Bxg2 45. Kd2 Bf3 46. Bd5 Bg2 47. Bc6 Bf3 48. Bd5 Bg2 49. Bc6 1/2-1/2

[Event "December 19 Late 2023"]
[Site "https://www.chess.com"]
[Date "2023.12.19"]
[Round "5"]
[White "Domingo Nunez, Alejandro"]
[Black "Mazurkiewicz, Michal"]
[Result "1-0"]
[Board "80"]
[TimeControl "180+1"]
[WhiteFideId "22245561"]
[BlackFideId "1124943"]
[WhiteElo "2252"]
[BlackElo "2103"]
[WhiteTeam "ESP"]
[BlackTeam "POL"]
[WhiteClock "0:00:25"]
[BlackClock "0:00:03"]

1. e4 d6 2. d4 Nf6 3. Nc3 c6 4. a4 e5 5. Nf3 Qc7 6. Bc4 Be7 7. O-O O-O 8. Re1 a5 9. h3 Na6 10. Be3 Nd7 11. Qd2 Nb4 12. Rad1 exd4 13. Bxd4 Ne5 14. Nxe5 dxe5 15. Be3 Be6 16. Bxe6 fxe6 17. Qe2 Rad8 18. Qc4 Kf7 19. Nb5 Qb8 20. Na3 Rxd1 21. Rxd1 Rd8 22. Qe2 Rxd1+ 23. Qxd1 Qd6 24. Qh5+ Kg8 25. Nc4 g6 26. Nxd6 gxh5 27. Nxb7 Nxc2 28. Nxa5 Nxe3 29. fxe3 c5 30. Nc6 Bg5 31. Kf2 Kf8 32. a5 Ke8 33. a6 Kd7 34. a7 Kxc6 35. a8=Q+ Kb5 36. Qb8+ Kc4 37. Qxe5 Bh4+ 38. Ke2 Bd8 39. Qxe6+ Kb4 40. Qd5 1-0

[Event "December 19 Late 2023"]
[Site "https://www.chess.com"]
[Date "2023.12.19"]
[Round "5"]
[White "Sivakumar, Shaashwath"]
[Black "Derakhshani, Borna"]
[Result "0-1"]
[Board "81"]
[TimeControl "180+1"]
[WhiteFideId "30912156"]
[BlackFideId "12518450"]
[WhiteElo "2137"]
[BlackElo "2286"]
[WhiteTeam "USA"]
[BlackTeam "ENG"]
[WhiteClock "0:00:00"]
[BlackClock "0:01:39"]

1. d4 d5 2. c4 c6 3. Nf3 Nf6 4. e3 Bf5 5. Nc3 e6 6. Nh4 Be4 7. Qb3 Qc7 8. f3 Bg6 9. Bd2 Nbd7 10. g3 a5 11. Rc1 Qb6 12. Qxb6 Nxb6 13. cxd5 exd5 14. Kf2 Bb4 15. Nxg6 hxg6 16. Bd3 Bd6 17. h4 Kd7 18. e4 dxe4 19. fxe4 Bb4 20. Kg2 Rae8 21. Rce1 Nc8 22. a3 Bxc3 23. Bxc3 b6 24. Rhf1 Re7 25. Bd2 Rhe8 26. Bg5 Rf8 27. e5 Nd5 28. Bxe7 Ncxe7 29. Rf3 Ke6 30. Ref1 Nf5 31. Bxf5+ gxf5 32. Rc1 Rc8 33. Rf2 g6 34. Kf3 Ne7 35. Rfc2 Kd5 36. Ke3 Ng8 37. Kd3 Nh6 38. b4 axb4 39. axb4 Ng4 40. b5 c5 41. dxc5 Nxe5+ 42. Ke3 bxc5 43. b6 Nd7 44. b7 Rb8 45. Rb1 Kc6 46. Rd2 Nb6 47. Rdb2 Nc4+ 48. Kf4 Nxb2 49. Rxb2 Rxb7 50. Rc2 Rb4+ 51. Kg5 Rg4+ 52. Kf6 Rxg3 53. Kxf7 Kd5 0-1

[Event "December 19 Late 2023"]
[Site "https://www.chess.com"]
[Date "2023.12.19"]
[Round "5"]
[White "Sroczynski, Maciej"]
[Black "Titus, Andrew"]
[Result "0-1"]
[Board "82"]
[TimeControl "180+1"]
[WhiteFideId "1121472"]
[BlackFideId "2059770"]
[WhiteElo "2266"]
[BlackElo "2061"]
[WhiteTeam "POL"]
[BlackTeam "USA"]
[WhiteClock "0:01:15"]
[BlackClock "0:01:15"]

1. d4 d5 2. c4 e6 3. Nf3 Nf6 4. Nc3 Be7 5. Bg5 h6 6. Bh4 O-O 7. e3 b6 8. cxd5 Nxd5 9. Bxe7 Qxe7 10. Nxd5 exd5 11. Be2 Be6 12. O-O Nd7 13. Rc1 c5 14. Ba6 Nf6 15. Qa4 Ne4 16. Rfd1 Rfd8 17. dxc5 bxc5 18. Qa3 Rab8 19. b3 Rb4 20. Ne5 Qd6 21. Bd3 Qxe5 22. f3 Nf6 23. Re1 Qd6 24. Rcd1 Qe7 25. Bf1 Rb7 26. Qa6 Rc7 27. e4 dxe4 28. Rxd8+ Qxd8 29. fxe4 Qd4+ 30. Kh1 Ng4 31. h3 Nf2+ 32. Kh2 Nxe4 33. Qe2 Qd6+ 34. Kg1 Ng3 35. Qf3 Nxf1 0-1

[Event "December 19 Late 2023"]
[Site "https://www.chess.com"]
[Date "2023.12.19"]
[Round "5"]
[White "Melikhov, Evgeny V."]
[Black "Cobysters"]
[Result "1-0"]
[Board "83"]
[TimeControl "180+1"]
[WhiteFideId "4122046"]
[WhiteElo "2165"]
[BlackElo "2585"]
[WhiteTeam "GRE"]
[WhiteClock "0:00:06"]
[BlackClock "0:00:37"]

1. d4 Nf6 2. c4 d6 3. Nc3 Bf5 4. f3 e5 5. e4 Bg6 6. d5 Be7 7. Bd3 Nbd7 8. Be3 O-O 9. Qd2 Ne8 10. O-O-O f5 11. exf5 Bxf5 12. Bxf5 Rxf5 13. Ne4 c6 14. Ne2 Rc8 15. N2c3 Qa5 16. Kb1 Nb6 17. Bxb6 axb6 18. dxc6 bxc6 19. c5 d5 20. Nxd5 cxd5 21. Qxd5+ Rf7 22. Qe6 Rxc5 23. Nxc5 Qxc5 24. Rc1 Qd6 25. Qb3 g6 26. Rhd1 Qb8 27. Rd7 Kg7 28. Qe6 Nd6 29. Rxe7 Rxe7 30. Qxe7+ Kh6 31. Qxe5 Qd8 32. Rd1 Qe8 33. Qf4+ Kg7 34. Qxd6 Qe2 35. Qd4+ Kg8 36. Qd8+ Kf7 37. Rd7+ Ke6 1-0

[Event "December 19 Late 2023"]
[Site "https://www.chess.com"]
[Date "2023.12.19"]
[Round "5"]
[White "Estrada Nieto, Julian"]
[Black "Federzoni, Enzo"]
[Result "0-1"]
[Board "84"]
[TimeControl "180+1"]
[WhiteFideId "5101018"]
[BlackFideId "2173301"]
[WhiteElo "2161"]
[BlackElo "2053"]
[WhiteTeam "ESP"]
[BlackTeam "BRA"]
[WhiteClock "0:00:02"]
[BlackClock "0:00:19"]

1. e4 e5 2. Nf3 Nc6 3. Bb5 a6 4. Ba4 Nf6 5. O-O d6 6. Bxc6+ bxc6 7. d4 exd4 8. Nxd4 c5 9. Nc6 Qd7 10. Na5 Qa4 11. Bd2 Be7 12. b3 Qb5 13. Re1 Bg4 14. f3 Be6 15. Na3 Qd7 16. N3c4 O-O 17. Bc3 Rfe8 18. e5 Nd5 19. Bb2 Bf8 20. exd6 cxd6 21. Qd2 f6 22. Rad1 Bf7 23. Ne3 Nxe3 24. Rxe3 Rxe3 25. Qxe3 Re8 26. Qd3 d5 27. Nc4 d4 28. Bc1 Bg6 29. Qd2 Qf5 30. c3 Qc2 31. cxd4 Re2 32. Qxc2 Bxc2 33. Rf1 cxd4 34. Rf2 Re1+ 35. Rf1 Re2 36. Rf2 Re1+ 37. Rf1 Re6 38. Bd2 Re2 39. Rf2 Re8 40. Rf1 Bc5 41. Re1 Rxe1+ 42. Bxe1 Kf7 43. Kf1 Ke6 44. Bd2 Kd5 45. Nb2 Ba3 46. Nc4 Bd3+ 47. Kf2 Bxc4 48. bxc4+ Kxc4 49. Ke2 Bb4 50. Bc1 d3+ 51. Kd1 Bc3 52. Be3 Kb4 53. Kc1 Ka3 54. Kb1 d2 55. Kc2 Kxa2 56. Bc5 a5 57. Bf8 g6 58. g4 f5 59. h4 Bb4 60. Bh6 Ka3 61. gxf5 gxf5 62. Be3 Ka4 63. h5 Kb5 64. Bd4 Kc4 65. Be3 a4 0-1

[Event "December 19 Late 2023"]
[Site "https://www.chess.com"]
[Date "2023.12.19"]
[Round "5"]
[White "Ozen, Metehan"]
[Black "Deng, Henry"]
[Result "0-1"]
[Board "85"]
[TimeControl "180+1"]
[WhiteFideId "34596054"]
[BlackFideId "30965454"]
[WhiteElo "1710"]
[BlackElo "2581"]
[WhiteTeam "TUR"]
[BlackTeam "USA"]
[WhiteClock "0:00:21"]
[BlackClock "0:00:17"]

1. c4 c6 2. d4 d5 3. Nc3 Nf6 4. Nf3 e6 5. e3 Nbd7 6. Qc2 Bd6 7. Bd3 O-O 8. O-O dxc4 9. Bxc4 c5 10. d5 Nb6 11. b3 exd5 12. Be2 Be6 13. Bb2 Qd7 14. Rad1 Bf5 15. Qc1 a6 16. Qa1 h6 17. h3 Qe6 18. Nh4 Bh7 19. a4 a5 20. Nb5 Be7 21. Nf3 Rac8 22. Rfe1 Nbd7 23. Nh2 Bc2 24. Ng4 Bxd1 25. Rxd1 h5 26. Nxf6+ Nxf6 27. Bf3 Rfd8 28. Bc3 b6 29. Be5 Ne8 30. Bxh5 Bf6 31. Bxf6 Qxf6 32. Qc1 Qe5 33. Bg4 Rc6 34. f4 Qe7 35. Bf3 Nf6 36. Kh2 Re6 37. Rd3 Re8 38. Nc3 Rxe3 39. Nxd5 Nxd5 40. Rxd5 Rxb3 41. Re5 Qd8 42. Qd1 Rb4 43. Rd5 Qf6 44. f5 Rd4 0-1

[Event "December 19 Late 2023"]
[Site "https://www.chess.com"]
[Date "2023.12.19"]
[Round "5"]
[White "Devagharan, Devina"]
[Black "Przybylski, Wojciech"]
[Result "0-1"]
[Board "86"]
[TimeControl "180+1"]
[WhiteFideId "2061600"]
[BlackFideId "1117599"]
[WhiteElo "2436"]
[BlackElo "2203"]
[WhiteTeam "USA"]
[BlackTeam "POL"]
[WhiteClock "0:00:00"]
[BlackClock "0:00:16"]

1. d4 Nf6 2. c4 e6 3. Nc3 Bb4 4. e3 O-O 5. Nf3 d5 6. cxd5 exd5 7. Be2 c6 8. O-O Re8 9. Ne5 Nbd7 10. f4 Bxc3 11. bxc3 Ne4 12. Bd3 f6 13. Nxd7 Bxd7 14. c4 Be6 15. Qc2 f5 16. Bxe4 fxe4 17. c5 Rf8 18. Rb1 Rf7 19. a4 Qh4 20. Qf2 Qh5 21. a5 a6 22. Ba3 Raf8 23. Qd2 Bc8 24. Qd1 Qh4 25. Bb4 Kh8 26. Be1 Qf6 27. Bg3 Qg6 28. Qe2 Rf5 29. Qd2 Qe8 30. Rb6 h6 31. Rfb1 R8f7 32. Rf1 Qd8 33. Rfb1 Qc7 34. Qe2 R5f6 35. Qd2 Kh7 36. Qe2 Rg6 37. Qd2 Qd8 38. Qf2 Qd7 39. Qe2 Qf5 40. Qf2 Qh5 41. R6b2 Qg4 42. Qe2 Qf5 43. Qf2 h5 44. Qe2 Qf6 45. Qxh5+ Rh6 46. Qg5 Qe6 47. Qe5 Qg4 48. Qg5 Qd7 49. Rf2 Rf5 50. Qg4 Qc7 51. Qe2 Qxa5 52. h3 Rf7 53. Bh2 Kg8 54. Rbf1 Qa3 55. f5 Qa5 56. Be5 Qd8 57. Kh2 Bd7 58. g4 Qh4 59. Kg1 Qxh3 60. Rg2 Qh4 61. Rb1 Qh1+ 62. Kf2 Qxb1 63. g5 Rxf5+ 64. Bf4 Rh1 65. Kg3 Rf8 0-1

[Event "December 19 Late 2023"]
[Site "https://www.chess.com"]
[Date "2023.12.19"]
[Round "5"]
[White "Postlmayer, Jakob"]
[Black "Lopusiewicz, Piotr"]
[Result "0-1"]
[Board "87"]
[TimeControl "180+1"]
[WhiteFideId "1643622"]
[BlackFideId "1116029"]
[WhiteElo "2337"]
[BlackElo "2286"]
[WhiteTeam "AUT"]
[BlackTeam "POL"]
[WhiteClock "0:00:08"]
[BlackClock "0:00:15"]

1. Nf3 Nf6 2. c4 c5 3. g3 d5 4. cxd5 Nxd5 5. Bg2 Nc6 6. Nc3 Nc7 7. O-O e5 8. a3 f6 9. d3 Be7 10. Be3 Rb8 11. Rc1 O-O 12. Ne4 b6 13. b4 Nd5 14. bxc5 Nxe3 15. fxe3 Be6 16. cxb6 Qxb6 17. Kh1 Rfc8 18. d4 Bxa3 19. Ra1 Bb2 20. Rb1 Bf5 21. Nfg5 Bg6 22. Ne6 Nxd4 23. exd4 Qxe6 24. d5 Qg4 25. Qd3 Bd4 26. e3 Rxb1 27. Rxb1 Bb6 28. d6 Qd7 29. Rd1 f5 30. Nc3 e4 31. Qb5 Be8 32. Qd5+ Bf7 33. Qb5 Qxb5 34. Nxb5 Bxe3 35. d7 Rd8 36. g4 g6 37. gxf5 gxf5 38. Bh3 Be6 39. Nc7 Rxd7 40. Rxd7 Bxd7 41. Nd5 Bd4 42. Ne7+ Kf7 43. Nxf5 Kf6 44. Nxd4 Bxh3 45. Kg1 e3 46. Nc2 a5 47. Nxe3 a4 48. Nc4 Be6 49. Na3 Ke5 50. Kf2 Kd4 51. Ke2 Bf5 52. Kd2 Bd3 53. h4 h5 54. Kd1 Kc3 55. Kc1 Kb3 56. Nb1 Bxb1 57. Kxb1 Kc3 58. Ka2 Kd3 59. Ka3 Ke3 60. Kxa4 Kf3 61. Kb3 Kg3 62. Kc2 Kxh4 63. Kd2 Kg3 64. Ke1 Kg2 0-1

[Event "December 19 Late 2023"]
[Site "https://www.chess.com"]
[Date "2023.12.19"]
[Round "5"]
[White "Assylov, Miras"]
[Black "Serra Canals, Oriol"]
[Result "1-0"]
[Board "88"]
[TimeControl "180+1"]
[WhiteFideId "13728873"]
[BlackFideId "22276084"]
[WhiteElo "1991"]
[BlackElo "2108"]
[WhiteTeam "KAZ"]
[BlackTeam "ESP"]
[WhiteClock "0:00:06"]
[BlackClock "0:00:00"]

1. b3 e6 2. Bb2 d5 3. g3 Nf6 4. Bg2 Be7 5. Nf3 c5 6. O-O O-O 7. d4 cxd4 8. Nxd4 Nc6 9. c4 Nxd4 10. Qxd4 Qb6 11. Qxb6 axb6 12. Nd2 Rd8 13. a4 Bb4 14. Rfd1 Bd7 15. Bxf6 gxf6 16. cxd5 exd5 17. Bxd5 Bf5 18. Ne4 Rxd5 19. Nxf6+ Kg7 20. Nxd5 Bc5 21. b4 Bf8 22. Nxb6 Re8 23. e3 Bxb4 24. Nd5 Bc5 25. Rdc1 Bd6 26. Nf4 Be4 27. Ra2 Rd8 28. Rd2 Kf8 29. Rcd1 1-0

[Event "December 19 Late 2023"]
[Site "https://www.chess.com"]
[Date "2023.12.19"]
[Round "5"]
[White "Spata, German"]
[Black "Mizzi, Jack"]
[Result "1-0"]
[Board "89"]
[TimeControl "180+1"]
[WhiteFideId "113026"]
[BlackFideId "5602521"]
[WhiteElo "2260"]
[BlackElo "2127"]
[WhiteTeam "ARG"]
[BlackTeam "MLT"]
[WhiteClock "0:01:04"]
[BlackClock "0:00:35"]

1. Nf3 Nf6 2. e3 e6 3. b3 d5 4. Bb2 Be7 5. g3 O-O 6. Bg2 c5 7. O-O Nc6 8. c4 Re8 9. d4 b6 10. Nc3 Bb7 11. cxd5 exd5 12. Rc1 Rc8 13. dxc5 bxc5 14. Na4 Ne4 15. Nd2 Nb4 16. Nxe4 dxe4 17. Qg4 f6 18. Rfd1 Nd3 19. Bxe4 Ba6 20. Qe6+ Kh8 21. Qxa6 Nb4 22. Rxd8 Nxa6 23. Rxc8 1-0

[Event "December 19 Late 2023"]
[Site "https://www.chess.com"]
[Date "2023.12.19"]
[Round "5"]
[White "Gurevich, Dmitry"]
[Black "Keleberda, Tymur"]
[Result "1-0"]
[Board "90"]
[TimeControl "180+1"]
[WhiteFideId "2000407"]
[BlackFideId "14174294"]
[WhiteElo "2506"]
[BlackElo "2198"]
[WhiteTeam "USA"]
[BlackTeam "CAN"]
[WhiteClock "0:00:05"]
[BlackClock "0:00:00"]

1. d4 Nf6 2. c4 e6 3. g3 d5 4. Bg2 Be7 5. Nf3 dxc4 6. Nc3 O-O 7. Ne5 Nc6 8. Bxc6 bxc6 9. Nxc6 Qe8 10. Nxe7+ Qxe7 11. Qa4 Bb7 12. O-O c5 13. Qxc4 cxd4 14. Qxd4 e5 15. Qh4 h6 16. Be3 Rfc8 17. f3 Qe6 18. Rac1 Rc4 19. g4 Nxg4 20. b3 Nxe3 21. bxc4 Nxf1 22. Kxf1 Rc8 23. Ne4 g5 24. Qf2 Bxe4 25. fxe4 Qh3+ 26. Kg1 Qg4+ 27. Qg2 Qf4 28. Rc3 Rd8 29. Qf3 Rd1+ 30. Kg2 Qh4 31. Qf5 Qe1 32. Rf3 Qg1+ 33. Kh3 g4+ 34. Qxg4+ Qxg4+ 35. Kxg4 Rc1 36. Kf5 Rxc4 37. Kxe5 Ra4 38. a3 Kg7 39. Rg3+ Kf8 40. Kf5 Ke7 41. e5 Kf8 42. Rc3 Kg7 43. e4 Ra6 44. h4 Ra4 45. h5 Ra6 46. Rc7 Kg8 47. Re7 Rxa3 48. e6 Rf3+ 49. Ke5 a5 50. Re8+ Kg7 51. e7 1-0

[Event "December 19 Late 2023"]
[Site "https://www.chess.com"]
[Date "2023.12.19"]
[Round "5"]
[White "Bold, Andre"]
[Black "Akhayan, Ruben"]
[Result "0-1"]
[Board "91"]
[TimeControl "180+1"]
[WhiteFideId "16208471"]
[BlackFideId "204439"]
[WhiteElo "2110"]
[BlackElo "2141"]
[WhiteTeam "GER"]
[BlackTeam "BEL"]
[WhiteClock "0:00:58"]
[BlackClock "0:01:41"]

1. Nf3 Nf6 2. g3 g6 3. Bg2 Bg7 4. O-O O-O 5. c4 c6 6. d4 d5 7. cxd5 cxd5 8. Nc3 Ne4 9. Qb3 Nc6 10. e3 Nxc3 11. Qxc3 Bf5 12. b3 Rc8 13. Qd2 e5 14. Bb2 e4 15. Ne1 Qd7 16. Nc2 Bh3 17. Rfc1 Bxg2 18. Kxg2 Qf5 19. Ne1 h5 20. h3 Kh7 21. b4 a6 22. a4 Rce8 23. b5 axb5 24. axb5 Nd8 25. Ba3 Rg8 26. Rc7 Ne6 27. Rxb7 Ng5 28. Be7 Qxh3+ 29. Kg1 Nf3+ 30. Nxf3 exf3 31. Qd3 Qg2# 0-1

[Event "December 19 Late 2023"]
[Site "https://www.chess.com"]
[Date "2023.12.19"]
[Round "5"]
[White "Li, Tedric"]
[Black "Asish Panda"]
[Result "0-1"]
[Board "92"]
[TimeControl "180+1"]
[WhiteFideId "3242897"]
[BlackFideId "45012458"]
[WhiteElo "1833"]
[BlackElo "1767"]
[WhiteTeam "AUS"]
[BlackTeam "IND"]
[WhiteClock "0:01:26"]
[BlackClock "0:00:04"]

1. e4 e6 2. Nf3 d5 3. d3 c5 4. g3 g6 5. Nbd2 Bg7 6. Bg2 Ne7 7. O-O Nbc6 8. c3 O-O 9. Qe2 Re8 10. Re1 b5 11. a3 a5 12. e5 Ba6 13. d4 b4 14. Qd1 cxd4 15. cxd4 Nf5 16. Nf1 Qb6 17. Be3 Bxf1 18. Bxf1 Nxe3 19. fxe3 b3 20. Qd3 a4 21. Rac1 Na5 22. Qd2 Rec8 23. Rxc8+ Rxc8 24. Rc1 Nc4 25. Bxc4 dxc4 26. Kf2 Bf8 27. Qc3 Bxa3 28. bxa3 b2 29. Rb1 Qb3 30. Qxb2 c3 31. Qc1 Qa2+ 32. Kf1 c2 33. Ra1 Qxa1 34. Qxa1 c1=Q+ 35. Qxc1 Rxc1+ 36. Ke2 Rc3 37. Nd2 Rxa3 38. e4 Rc3 39. Nb1 Rb3 40. Nd2 Rb2 41. Kd3 a3 42. Nc4 a2 43. Nxb2 a1=Q 44. Nc4 Qg1 45. Ne3 Qxh2 46. d5 Qxg3 47. d6 Qxe5 48. Nc4 Qb5 49. Kd4 f6 50. e5 fxe5+ 51. Nxe5 Qd5+ 0-1

[Event "December 19 Late 2023"]
[Site "https://www.chess.com"]
[Date "2023.12.19"]
[Round "5"]
[White "O`Gorman, Tom"]
[Black "Smith, Garrett L"]
[Result "1-0"]
[Board "93"]
[TimeControl "180+1"]
[WhiteFideId "2508249"]
[BlackFideId "2024829"]
[WhiteElo "2288"]
[BlackElo "2376"]
[WhiteTeam "IRL"]
[BlackTeam "USA"]
[WhiteClock "0:00:19"]
[BlackClock "0:00:04"]

1. d4 Nf6 2. c4 g6 3. Nc3 d5 4. cxd5 Nxd5 5. e4 Nxc3 6. bxc3 Bg7 7. Nf3 c5 8. Be2 Nc6 9. Be3 O-O 10. O-O b6 11. d5 Na5 12. c4 f5 13. e5 Ba6 14. Rc1 Qb8 15. Bf4 h6 16. h4 Rd8 17. Qd2 Kh7 18. Bd3 e6 19. d6 Bb7 20. Qe3 Bxf3 21. Qxf3 Qb7 22. Qe3 Nc6 23. Rfd1 Rd7 24. Be2 Nd4 25. Rxd4 cxd4 26. Qxd4 Rad8 27. Bf3 Qa6 28. Qd2 g5 29. hxg5 hxg5 30. Bxg5 Bxe5 31. Bxd8 Rxd8 32. d7 Qa4 33. Rd1 Qxc4 34. Qg5 Qc7 35. Qe7+ Kg6 36. Qxe6+ Bf6 37. g3 Qe5 38. Qc6 f4 39. g4 Kf7 40. Kg2 Ke7 41. Rd2 Kf7 42. Qc2 Qg5 43. Qh7+ Qg7 44. Qh5+ Ke7 45. Qf5 Qf7 46. Bd5 Qg7 47. Qe6+ Kf8 48. Re2 Be7 49. Qf5+ Bf6 50. Qxf4 Rxd7 51. Bc6 Re7 52. Qb8+ Kf7 53. Bd5+ Kg6 54. Rxe7 Qxe7 55. Qf4 Be5 56. Qf5+ Kg7 57. Be4 Qd6 58. Qh7+ Kf8 59. Qxa7 Bd4 60. Qa8+ Ke7 61. Qd5 Qf6 62. Qf5 Qxf5 63. Bxf5 Kf6 64. Kg3 Bc3 65. f4 Bd2 66. Bc2 Bc1 67. Bb3 Bd2 68. Kf3 Bc1 69. g5+ Kg7 70. Kg4 Bb2 71. f5 Bc3 72. f6+ 1-0